 Dungeon Crawl Stone Soup version 0.31.0-11-ge490571c62 (webtiles) character file.

Game seed: 17284638204739317325

149 PaiMei the Digger (level 5, 0/30 HPs)
             Began as a Gargoyle Earth Elementalist on Jan 27, 2024.
             Was an Initiate of Kikubaaqudgha.
             Slain by an ufetubus (3 damage)
             ... on level 4 of the Dungeon.
             The game lasted 00:06:22 (3600 turns).

PaiMei the Digger (Gargoyle Earth Elementalist)     Turns: 3600, Time: 00:06:22

Health: 0/30       AC:  9    Str: 12    XL:     5   Next: 31%
Magic:  5/9        EV: 12    Int: 17    God:    Kikubaaqudgha [......]
Gold:   176        SH:  0    Dex: 10    Spells: 9/10 levels left

rFire   . . .        o - +0 falchion
rCold   . . .        (no shield)
rNeg    + . .        a - +0 robe
rPois   ∞            p - +2 helmet
rElec   +            (no cloak)
rCorr   .            (no gloves)
SInv    .            (no boots)
Will    .....        (no amulet)
Stlth   ++           (no ring)
HPRegen 0.25/turn    (no ring)
MPRegen 0.11/turn

%: no passive effects
@: no status effects
A: sickness immunity, AC +4, negative energy resistance 1, electricity
resistance, torment resistance 1, petrification resistance
a: Renounce Religion


You were on level 4 of the Dungeon.
You worshipped Kikubaaqudgha.
Kikubaaqudgha was noncommittal.
You visited 1 branch of the dungeon, and saw 4 of its levels.

You collected 256 gold pieces.
You spent 80 gold pieces at shops.

Inventory:

Hand Weapons
 d - a +0 club
 o - a +0 falchion (weapon)
 q - a +0 sling of electrocution
Missiles
 c - 51 stones
 i - 3 javelins (quivered)
 r - 2 poisoned darts
Armour
 a - a +0 robe (worn)
 p - a +2 helmet (worn)
Jewellery
 e - an amulet of faith
Wands
 m - a wand of quicksilver (6)
Scrolls
 f - a scroll of enchant armour {unknown}
 h - 5 scrolls of teleportation
 j - a scroll of revelation {unknown}
 l - 3 scrolls of identify
 s - a scroll of immolation {unknown}
Potions
 b - a potion of magic
 g - a potion of cancellation {unknown}
 k - 3 potions of curing {unknown}
 n - 3 potions of lignification {unknown}
 t - a potion of heal wounds {unknown}


   Skills:
 + Level 2.2 Fighting
 + Level 2.5 Dodging
 - Level 2.4 Stealth
 + Level 3.0 Spellcasting
 - Level 1.3 Conjurations
 + Level 4.6 Earth Magic


You had 9 spell levels left.
You knew the following spells:

 Your Spells              Type           Power      Damage    Failure   Level
a - Sandblast             Erth           36%        2d10      2%          1

Your spell library contained the following spells:

 Spells                   Type           Power      Damage    Failure   Level
 Passwall                 Erth           18%        N/A       8%          3
 Stone Arrow              Conj/Erth      24%        3d8       16%         3
 Brom's Barrelling Bould  Conj/Erth      12%        2d4       45%         4
 Petrify                  Alch/Erth      10%        N/A       56%         4


Dungeon Overview and Level Annotations

Branches:
Dungeon (4/15)
 Temple: D:4-7

Altars:
Kikubaaqudgha

Shops:
D:1 *   D:2 ?


Innate Abilities, Weirdness & Mutations

You are immune to sickness and miasma.
Your stone body is resilient. (AC +4)
You are immune to poison.
You resist negative energy. (rN+)
You are resistant to electric shocks. (rElec)
You are resistant to unholy torment.
You are immune to petrification.


Message History

The sleepcap closely misses you.
Casting: Sandblast (safe; 2% risk of failure)
Confirm with . or Enter, or press ? or * to list all spells.
Aiming: Sandblast (safe; 2% risk of failure)
Press: ? - help, Shift-Dir - straight line, f/p - sleepcap
Aim: a sleepcap (severely damaged, 100% to hit)
The blast of sand hits the sleepcap but does no damage.
The sleepcap is severely damaged.
The ufetubus barely misses you. x2; The sleepcap closely misses you.
The ufetubus hits you.
* * * LOW HITPOINT WARNING * * *
The ufetubus barely misses you.
The sleepcap releases spores at you but does no damage.
The ufetubus misses you. The ufetubus hits you.
* * * LOW HITPOINT WARNING * * *
Casting: Sandblast (safe; 2% risk of failure)
Confirm with . or Enter, or press ? or * to list all spells.
Aiming: Sandblast (safe; 2% risk of failure)
Press: ? - help, Shift-Dir - straight line, f/p - sleepcap
Aim: a sleepcap (severely damaged, 100% to hit)
The blast of sand hits the sleepcap!
The sleepcap is almost destroyed.
The ufetubus completely misses you. The ufetubus barely misses you.
The sleepcap releases spores at you.
* * * LOW HITPOINT WARNING * * *
The ufetubus misses you.
The ufetubus hits you but does no damage.
Casting: Sandblast (safe; 2% risk of failure)
Confirm with . or Enter, or press ? or * to list all spells.
Aiming: Sandblast (safe; 2% risk of failure)
Press: ? - help, Shift-Dir - straight line, f/p - sleepcap
Aim: a sleepcap (almost destroyed, 100% to hit)
The blast of sand hits the sleepcap but does no damage.
The sleepcap is almost destroyed.
The ufetubus hits you but does no damage.
The ufetubus misses you. The sleepcap releases spores at you.
* * * LOW HITPOINT WARNING * * *
The ufetubus hits you.
You die...
Kikubaaqudgha rasps: "You have failed me!
Welcome... oblivion!"

#......<.........
###..............
###....#.######
#...........
#....#.###.. #...##.#
#...##.#
###########...##.#
#....f@5........#.
..)....[#########..##.#
#######.# ......# ...
#..##.# #### ... ..
.### # .# .#


You could see a sleepcap and an ufetubus.

Vanquished Creatures
  Robin (D:2)
  4 adders
  An ufetubus (D:4)
  2 dart slugs (D:1)
  2 ribbon worms
  11 ball pythons
  4 bats (D:1)
  A bat zombie (D:3)
  5 endoplasms
  2 giant cockroaches (D:1)
  18 goblins
  5 hobgoblins
  4 jackals (D:3)
  3 quokkas
  3 frilled lizards
  2 frilled lizard zombies (D:3)
  9 kobolds
  9 rats
86 creatures vanquished.

Notes
Turn   | Place    | Note
-------+----------+-------------------------------------------
     0 | D:1      | PaiMei the Gargoyle Earth Elementalist began the quest for
                  | the Orb.
     0 | D:1      | Reached XP level 1. HP: 10/10 MP: 3/3
   305 | D:1      | Reached XP level 2. HP: 3/15 MP: 1/5
  1147 | D:1      | Reached skill level 4 in Earth Magic
  1147 | D:1      | Reached XP level 3. HP: 20/20 MP: 6/6
  1259 | D:1      | Reached skill level 1 in Fighting
  1278 | D:1      | Found Ekuc's Assorted Antiques.
  1926 | D:2      | Reached XP level 4. HP: 17/25 MP: 5/7
  2031 | D:2      | Found Reyrpheh's Magic Scroll Shoppe.
  2049 | D:2      | Bought a scroll of teleportation for 30 gold pieces
  2049 | D:2      | Bought a scroll of identify for 20 gold pieces
  2049 | D:2      | Bought a scroll of teleportation for 30 gold pieces
  2376 | D:2      | Noticed Robin
  2390 | D:2      | Killed Robin
  2822 | D:3      | Reached XP level 5. HP: 24/30 MP: 9/9
  3208 | D:3      | Found an ancient bone altar of Kikubaaqudgha.
  3223 | D:3      | Became a worshipper of Kikubaaqudgha
  3600 | D:4      | Slain by an ufetubus

Illustrated notes

Levels and vault maps discovered:
D:1:      lightli_arrival_windingriver, layout_rooms, serial_shops,
          nicolae_shop_window_shopping, serial_bayou_crossing
D:2:      layout_rooms, serial_shops, shop, minmay_close_crescents, uniq_robin
D:3:      layout_basic, lemuel_zombie_altar_kikubaaqudgha,
          dreamdust_princess_bridge
D:4:      layout_loops_ring, nicolae_overflow_crystal_walls, old_standard_altar,
          minmay_temple_entry_antechambers

Skill      XL: |  1  2  3  4  5 |
---------------+----------------+-----
Earth Magic    | 4 |  4.6
Fighting       | 1 2 |  2.2
Dodging        | 2 |  2.5
Spellcasting   | 3 |  3.0
Stealth        | |  2.4
Conjurations   | |  1.3

Action                     |  1- 3 |  4- 6 || total
---------------------------+-------+-------++-------
  Melee: Unarmed           |    36 |       ||    36
         Club              |   148 |    76 ||   224
         Punch             |     3 |     1 ||     4
         Falchion          |       |    88 ||    88
   Cast: Sandblast         |    15 |    15 ||    30
   Stab: Sleeping          |     1 |     4 ||     5
 Armour: Robe              |   182 |   155 ||   337
  Dodge: Dodged            |   216 |   177 ||   393
